 Dungeon Crawl Stone Soup version 0.30-a0-439-g9e77e4d916 (webtiles) character file.

Game seed: 4221588115174623477

102 funkygono the Firebug (level 4, 0/30 HPs)
             Began as a Demonspawn Fire Elementalist on Dec 10, 2022.
             Succumbed to a goblin's poison
             ... on level 2 of the Dungeon.
             The game lasted 00:03:01 (1733 turns).

funkygono the Firebug (DsFE)                        Turns: 1733, Time: 00:03:01

Health: 0/30       AC:  3    Str:  8    XL:     4   Next: 49%
Magic:  1/8        EV: 12    Int: 18    God:
Gold:   74         SH:  0    Dex: 14    Spells: 2/8 levels left

rFire   . . .      SeeInvis .    i - +1 dagger (drain)
rCold   . . .      Faith    .    (no shield)
rNeg    . . .      Spirit   .    a - +0 robe
rPois   .          Reflect  .    (no helmet)
rElec   .          Harm     .    (no cloak)
rCorr   .          Rampage  .    (no gloves)
Will    .....                    f - +0 pair of boots
Stlth   ++........               (no amulet)
HPRegen 0.25/turn                (no ring)
MPRegen 0.11/turn                (no ring)

@: lethally poisoned (0 -> -6)
A: claws 1, hooves 1, foul stench 1
a: no special abilities


You were on level 2 of the Dungeon.
You visited 1 branch of the dungeon, and saw 2 of its levels.

You collected 74 gold pieces.

Inventory:

Hand Weapons
 g - a +0 whip
 i - a +1 dagger of draining (weapon)
Armour
 a - a +0 robe (worn)
 f - a +0 pair of boots (worn)
Scrolls
 c - 4 scrolls of identify
 e - a scroll of torment {unknown}
 j - a scroll of poison {unknown}
 k - a scroll of teleportation
Potions
 b - a potion of magic
 d - a potion of invisibility
 h - a potion of curing


   Skills:
 + Level 2.4 Dodging
 - Level 1.7 Stealth
 + Level 2.9 Spellcasting
 + Level 1.5 Conjurations
 + Level 3.7 Fire Magic


You had 2 spell levels left.
You knew the following spells:

 Your Spells              Type           Power      Damage    Failure   Level
a - Foxfire               Conj/Fire      48%        2x1d6     5%          1
b - Scorch                Fire           32%        2d6       5%          2
c - Kindle Blastsparks    Fire/Tloc/Air  14%        2d11      30%         3

Your spell library contained the following spells:

 Spells                   Type           Power      Damage    Failure   Level
 Inner Flame              Hex/Fire       9%         N/A       22%         3
 Flame Wave               Conj/Fire      12%        2d6       50%         4


Dungeon Overview and Level Annotations

Branches:
Dungeon (2/15)

Altars:
Ashenzari

Annotations:
D:2 Jessica, Robin


Innate Abilities, Weirdness & Mutations

You have sharp fingernails.
You have large cloven feet.
You may rarely emit foul miasma when damaged in melee.


Message History

A goblin comes into view. It is wielding a +0 club.
Jessica the Apprentice Sorceress comes into view.
She is wielding a +0 dagger of distortion and carrying a wand of flame (12).
A goblin comes into view. It is wielding a +2 dagger of venom.
The hobgoblin moves out of view.
Jessica casts a spell.
Jessica blinks!
Robin roars a battlecry!
The goblins go into a battle-frenzy!
Robin roars a battlecry!
The goblin goes into a battle-frenzy!
Your magical contamination has completely faded away.
Casting: Foxfire (safe; 5% risk of failure)
Confirm with . or Enter, or press ? or * to list all spells.
You conjure some foxfire!
Unknown command.
The foxfire hits the goblin.
You kill the goblin!
The foxfire hits the goblin.
The goblin is moderately wounded.
Robin throws the goblin at you!
The goblin hits you with a +2 dagger of venom.
You are poisoned.
You closely miss the goblin.
You feel sick.
The goblin hits you with a +2 dagger of venom.
You are more poisoned.
You hit the goblin.
You kill the goblin!
You feel very sick.
You feel very sick.
The hobgoblin no longer looks unusually strong.
The goblin misses you.
You see here a +2 dagger of venom.
The goblin attacks as you move away! The goblin hits you with a +0 club.
* * * LOW HITPOINT WARNING * * *
x2 You feel sick.
* * * LOW HITPOINT WARNING * * *
You feel sick.
The goblin no longer looks unusually strong.
There is a stone staircase leading up here.
You die...

......##...##.....
............>....
####......###.#..
#.............
#####...g#g###.#..
## #.##..........#
.# #............)#
.# ####.##......g###
.######.##......@..#
...................+
<#..#####.#.##.....#
.#..# ##.#.##.....#
.#..# #..#.##.....#
....# #.##.##.....#
##..####.##.##.....#
##....##.##.##.....#
##....##.##.#


You could see Robin, a hobgoblin and a goblin.

Vanquished Creatures
  A gnoll (D:1)
  3 adders (D:2)
  A dart slug (D:2)
  4 endoplasms
  5 giant cockroaches
  13 goblins
  4 hobgoblins
  2 jackals (D:1)
  4 kobolds
  4 quokkas
  4 ball pythons
  8 bats
  3 frilled lizards (D:2)
  A rat (D:1)
57 creatures vanquished.

Vanquished Creatures (others)
  119 foxfires
  A plant (D:1)
120 creatures vanquished.

Grand Total: 177 creatures vanquished

Notes
Turn   | Place    | Note
-------+----------+-------------------------------------------
     0 | D:1      | funkygono the Demonspawn Fire Elementalist began the quest
                  | for the Orb.
     0 | D:1      | Reached XP level 1. HP: 13/13 MP: 3/3
   138 | D:1      | Reached skill level 3 in Fire Magic
   138 | D:1      | Discovered your monstrous ancestry.
   138 | D:1      | Gained mutation: You have large cloven feet. [demonic
                  | ancestry]
   138 | D:1      | Reached XP level 2. HP: 7/19 MP: 0/5
   253 | D:1      | Learned a level 2 spell: Scorch
   615 | D:1      | Gained mutation: You have sharp fingernails. [demonic
                  | ancestry]
   615 | D:1      | Reached XP level 3. HP: 22/24 MP: 3/6
   619 | D:1      | Learned a level 3 spell: Kindle Blastsparks
  1363 | D:2      | Gained mutation: You may rarely emit foul miasma when
                  | damaged in melee. [demonic ancestry]
  1363 | D:2      | Reached XP level 4. HP: 30/30 MP: 5/8
  1438 | D:2      | Found a broken altar of Ashenzari.
  1692 | D:2      | Noticed Robin
  1715 | D:2      | Noticed Jessica
  1733 | D:2      | Succumbed to a goblin's poison

Illustrated notes

Levels and vault maps discovered:
D:1:      wander_arrival_fairy_ring, layout_basic
D:2:      layout_basic, basic_altar, grunt_ministairs_7, uniq_jessica,
          uniq_robin

Skill      XL: |  1 |
---------------+----+-----
Dodging        | 2 |  2.4
Fire Magic     | 3 |  3.7
Stealth        | |  1.7
Spellcasting   | |  2.9
Conjurations   | |  1.5

Action                   |  1- 3 |  4- 6 || total
-------------------------+-------+-------++-------
Melee: Club              |     9 |       ||     9
       Whip              |    18 |       ||    18
       Dagger            |     1 |     3 ||     4
 Cast: Foxfire           |    48 |    25 ||    73
       Scorch            |     4 |     2 ||     6
  Use: Scroll            |     4 |       ||     4
Armor: Robe              |     5 |     2 ||     7
Dodge: Dodged            |    28 |     7 ||    35

Table legend: (Time is in decaauts)
 A = Elapsed time spent in this place.
 B = Non-inter-level travel time spent in this place.
 C = Inter-level travel time spent in this place.
 D = Time resting spent in this place.
 E = Time spent auto-exploring this place.
 F = Levels seen in this place.
 G = Mean time per level.
                   A        B        C        D        E       F      G
               +--------+--------+--------+--------+--------+-----+--------+
         Total |   1735 |   1711 |     24 |     43 |   1321 |   2 |  867.5 |
       Dungeon |   1735 |   1711 |     24 |     43 |   1321 |   2 |  867.5 |
               +--------+--------+--------+--------+--------+-----+--------+

Top non-repeatable levels by time:
     D:1: 1066 daAuts
     D:2: 669 daAuts
